[Event "Early-Titled-Tuesday-Blitz-January-23-2024"]
[Site "Chess.com"]
[Date "2024.01.23"]
[Round "2"]
[White "KnightmareJoker"]
[Black "Flaccidmoves"]
[Result "1-0"]
[WhiteElo "2139"]
[BlackElo "2436"]
[TimeControl "180+1"]
[EndTime "8:17:34 PST"]
[Termination "KnightmareJoker won by checkmate"]

1. e4 g6 2. d4 Bg7 3. Be3 d6 4. Nc3 a6 5. f3 b5 6. Qd2 Bb7 7. Bd3 Nd7 8. Nge2 c5 9. dxc5 Nxc5 10. O-O Nf6 11. Ng3 O-O 12. Bh6 b4 13. Nce2 Qb6 14. Kh1 e5 15. Bxg7 Kxg7 16. Qg5 Ng8 17. f4 Ne6 18.
Qg4 Nf6 19. Qh4 exf4 20. Nxf4 Nxf4 21. Rxf4 Ng8 22. Raf1 Qd4 23. Rg4 Kh8 24. b3 Rac8 25. Qh3 Rc5 26. Rh4 h5 27. Nf5 Rxf5 28. exf5 Qg7 29. f6 Nxf6 30. Qf3 Nh7 31. Qxb7 Nf6 32. Qf3 Kg8 33. Qxf6 Qh6 34. Qf3 Kg7 35. Rf4 Qg5 36.
Rxf7+ Rxf7 37. Qxf7+ Kh6 38. Qf8+ Kh7 39. Rf7# 1-0

[Event "Early-Titled-Tuesday-Blitz-January-23-2024"]
[Site "Chess.com"]
[Date "2024.01.23"]
[Round "2"]
[White "Quattroporte300"]
[Black "Durarbayli"]
[Result "0-1"]
[WhiteElo "2427"]
[BlackElo "2879"]
[TimeControl "180+1"]
[EndTime "8:17:35 PST"]
[Termination "Durarbayli won by resignation"]

1. e4 c5 2. Nc3 d6 3. d4 cxd4 4. Qxd4 Nc6 5. Qd2 g6 6. b3 Bh6 7. f4 Nf6 8. Bb2 O-O 9. O-O-O e5 10. g3 Bg4 11. Be2 Be6 12. Nf3 exf4 13. gxf4 Nh5 14. Ng5 Nxf4 15. h4 Nxe2+ 16. Nxe2 Bg4 17. Kb1 Bxe2 18. Qxe2 Qe7 19. Qh2 Rad8 20. Rhf1 Ne5 21.
Bxe5 dxe5 22. Rxd8 Rxd8 23. Nxf7 Bf4 24. Rxf4 Rd1+ 25.
Kb2 exf4 26. Nh6+ Kg7 27. Qxf4 Qf6+ 28. Qxf6+ Kxf6 29. Ng4+ Ke6 30. c4 Rh1 31. Kc3 Rxh4 32. Nf2 Rh2 33. Nd3 b6 34. a4 g5 35. b4 g4 36. c5 g3 37. c6 g2 38. c7 Kd7 39.
Ne5+ Kxc7 40. Nf3 Rh3 0-1

[Event "Early-Titled-Tuesday-Blitz-January-23-2024"]
[Site "Chess.com"]
[Date "2024.01.23"]
[Round "2"]
[White "AnaKuchava"]
[Black "verrbaa"]
[Result "0-1"]
[WhiteElo "2223"]
[BlackElo "2494"]
[TimeControl "180+1"]
[EndTime "8:17:35 PST"]
[Termination "verrbaa won by resignation"]

1. d4 Nf6 2. Nf3 g6 3. c4 Bg7 4. Nc3 d5 5. Bg5 Ne4 6. Bf4 Nxc3 7. bxc3 O-O 8. e3 c5 9. Be2 Nc6 10. O-O cxd4 11. cxd4 dxc4 12. Bxc4 b6 13. Qe2 Bb7 14. Rfd1 Rc8 15. Rac1 Qd7 16. Bb5 Qf5 17. h3 Nb4 18. a3 Bxf3 19. Qxf3 Qxb5 20. axb4 Qxb4 21. Qb7 Rxc1 22. Rxc1 a5 23. Rc6 Qe1+ 24. Kh2 Qxf2 25. Rxb6 Bxd4 26. Ra6 Bxe3 27. Bxe3 Qxe3 28. Rxa5 Qf4+ 29.
Kh1 Rd8 30. Ra1 Qe5 31. Rf1 Qe6 32. Qc7 Rd5 33. Qc8+ Qxc8 0-1

[Event "Early-Titled-Tuesday-Blitz-January-23-2024"]
[Site "Chess.com"]
[Date "2024.01.23"]
[Round "2"]
[White "atalz0"]
[Black "Carolina-moon"]
[Result "1-0"]
[WhiteElo "2462"]
[BlackElo "2162"]
[TimeControl "180+1"]
[EndTime "8:17:35 PST"]
[Termination "atalz0 won by resignation"]

1. d4 Nf6 2. c4 g6 3. f3 d5 4. cxd5 c5 5. e4 cxd4 6. Ne2 Bg7 7. Nxd4 O-O 8. Be2 Na6 9. Be3 e5 10. dxe6 fxe6 11. O-O e5 12. Nb5 Be6 13. N1c3 Qe7 14. Qd6 Qf7 15. Rfd1 Rfe8 16. Qd2 Bf8 17. Nd6 Bxd6 18.
Qxd6 Bc4 19. Bxc4 Qxc4 20. Qxf6 Nc5 21. Bh6 Qf7 22. Qxf7+ Kxf7 23. Rd5 Rac8 24. Rad1 a6 25. a3 Rc7 26. h4 Ne6 27. Be3 Rec8 28. Rd6 Rc6 29.
Rxc6 Rxc6 30. Kh2 Kg7 31. Kh3 h6 32. g3 g5 33. Rd2 Kf6 34. hxg5+ hxg5 35. Nd5+ Kg6 36.
Ne7+ 1-0

[Event "Early-Titled-Tuesday-Blitz-January-23-2024"]
[Site "Chess.com"]
[Date "2024.01.23"]
[Round "2"]
[White "HATilay"]
[Black "KhazhatulyAlikhan"]
[Result "1-0"]
[WhiteElo "2593"]
[BlackElo "2342"]
[TimeControl "180+1"]
[EndTime "8:17:37 PST"]
[Termination "HATilay won by checkmate"]

1. d4 d5 2. c4 e6 3. Nf3 Nf6 4.
g3 Be7 5. Bg2 dxc4 6. Nc3 O-O 7.
Ne5 c5 8. dxc5 Qxd1+ 9. Nxd1 Bxc5 10. Be3 Bb4+ 11. Kf1 Nd5 12. Rc1 b5 13. Bd4 Bb7 14.
Nc3 Bxc3 15. bxc3 Nc6 16. Nxc6 Bxc6 17. e4 Nb6 18. Ke2 e5 19. Bxe5 Rfe8 20. f4 f6 21. Bd4 Bxe4 22. Bxe4 Rxe4+ 23. Kf3 Re6 24. f5 Rd6 25. Rhe1 Kf7 26. Re4 Re8 27. Rce1 Rxe4 28. Rxe4 Rc6 29. g4 a6 30. h4 h6 31. g5 hxg5 32. hxg5 fxg5 33. Rg4 g6 34. f6 Nd5 35. Rxg5 Nxf6 36. a4 bxa4 37. Ra5 Ke6 38. Rxa4 Nd5 39. Ra1 Nc7 40. Re1+ Kf7 41. Rh1 Nb5 42.
Rh7+ Ke6 43. Bh8 Rc7 44. Rh4 Kd5 45. Rg4 Rh7 46. Rg5+ Ke6 47. Be5 Rf7+ 48. Ke4 Rf5 49. Rxg6+ Kf7 50. Kxf5 a5 51. Rb6 Na3 52. Rb7+ Kf8 53.
Kf6 Ke8 54. Ke6 Nb5 55. Rb8# 1-0

[Event "Early-Titled-Tuesday-Blitz-January-23-2024"]
[Site "Chess.com"]
[Date "2024.01.23"]
[Round "2"]
[White "AvitalBor"]
[Black "JeFumeDesClopes"]
[Result "1-0"]
[WhiteElo "2794"]
[BlackElo "2544"]
[TimeControl "180+1"]
[EndTime "8:17:38 PST"]
[Termination "AvitalBor won by resignation"]

1. d4 g6 2. c4 Bg7 3. Nf3 d6 4.
e3 Nf6 5. Be2 O-O 6. O-O Bf5 7. b4 e5 8. Bb2 Ne4 9. Nbd2 Nxd2 10.
Qxd2 Be4 11. Rfd1 Nd7 12. c5 exd4 13. Bxd4 d5 14. Bxg7 Kxg7 15. Qd4+ Qf6 16. Ng5 Qxd4 17. Rxd4 Nf6 18. Nxe4 Nxe4 19. Rxd5 Nc3 20. Rd2 a5 21. b5 Rad8 22. Rc2 Nxe2+ 23. Rxe2 Rd3 24. Rc2 Rfd8 25. g3 Ra3 26. Kg2 h5 27. h4 Rd5 28.
Rb1 Ra4 29. Rb3 b6 30. cxb6 cxb6 31. a3 Rd1 32. Rc6 Ra1 33. Rd3 R1xa3 34. Rd7 Rb4 35. Rxb6 Rab3 36. Rbb7 Rxb5 37. Rxf7+ Kg8 38. Ra7 Rb6 39.
Rg7+ Kh8 40. Rgc7 Rb8 41. Rh7+ Kg8 42. Rhg7+ Kh8 43. Rxg6 Rb2 44. Rxa5 Kh7 45. Rgg5 Rf8 46. Rxh5+ 1-0

[Event "Early-Titled-Tuesday-Blitz-January-23-2024"]
[Site "Chess.com"]
[Date "2024.01.23"]
[Round "2"]
[White "pospisku"]
[Black "Goffredo_Fofi"]
[Result "0-1"]
[WhiteElo "2306"]
[BlackElo "2548"]
[TimeControl "180+1"]
[EndTime "8:17:39 PST"]
[Termination "Goffredo_Fofi won by resignation"]

1. e4 g6 2. d4 Bg7 3. Nc3 c6 4.
Nf3 d5 5. h3 dxe4 6. Nxe4 Nf6 7. Nxf6+ exf6 8. Bc4 O-O 9. O-O a5 10. a4 Na6 11. Re1 Nc7 12. Bf4 Nd5 13. Bg3 Be6 14.
Ba2 Re8 15. c3 Qd7 16. Nd2 f5 17. Be5 f6 18. Bh2 Bh6 19. Bb1 Rac8 20. Nb3 b6 21. Nc1 Bf7 22. Nd3 Rxe1+ 23. Qxe1 Re8 24. Qd1 Bf8 25. Bc2 Qe6 26. Kf1 c5 27. dxc5 bxc5 28.
Qf3 Qb6 29. Re1 Rxe1+ 30. Kxe1 c4 31. Nf4 Nxf4 32. Bxf4 Qxb2 33. Kd2 Qb6 34. Be3 Bc5 35.
Bxc5 Qxc5 36. Qe3 Qd5+ 37. Qd4 Qxg2 38. Qxf6 Qxf2+ 39. Kc1 Qe3+ 40. Kb2 f4 41. h4 f3 42. h5 f2 43. h6 Qxh6 44. Qxf2 Qg5 45. Qd2 Qxd2 0-1

[Event "Early-Titled-Tuesday-Blitz-January-23-2024"]
[Site "Chess.com"]
[Date "2024.01.23"]
[Round "2"]
[White "KanalSzachowy"]
[Black "PabloZarnicki"]
[Result "0-1"]
[WhiteElo "2342"]
[BlackElo "2587"]
[TimeControl "180+1"]
[EndTime "8:17:40 PST"]
[Termination "PabloZarnicki won by checkmate"]

1. e4 d6 2. d4 Nf6 3. Nc3 c6 4. f4 Qa5 5. e5 Ne4 6. Nf3 Nxc3 7. bxc3 Qxc3+ 8. Bd2 Qa3 9. Bd3 Bg4 10. O-O e6 11. h3 Bxf3 12. Qxf3 g6 13. Rab1 b5 14.
Rxb5 d5 15. Rb3 Qa4 16. f5 gxf5 17. Bxf5 Qxd4+ 18. Be3 Qxe5 19. Bxe6 Qxe6 20. Bd4 Kd8 21. Bxh8 Bc5+ 22. Kh1 Nd7 23. Bc3 Kc7 24. Ba5+ Bb6 25. Bc3 f6 26. Qg3+ Kb7 27. a4 Rg8 28. Qf3 Ka8 29. Re1 Qd6 30. Bb4 c5 31. Bd2 Bc7 32. Bf4 Ne5 33. Rxe5 fxe5 34. Bxe5 Qxe5 35. g3 Qe1+ 36. Kh2 Qxg3+ 37. Qxg3 Rxg3 38. Rxg3 Kb7 39. Kg2 Bxg3 40. Kxg3 Kc6 41. Kf4 c4 42. Ke5 Kc5 43. c3 a5 44. h4 h5 45. Kf5 d4 46. cxd4+ Kxd4 47. Kg5 c3 48. Kxh5 c2 49. Kg6 c1=Q 50.
h5 Qg1+ 51. Kh7 Qg5 52. h6 Ke5 53. Kh8 Kf6 54. h7 Qg7# 0-1

[Event "Early-Titled-Tuesday-Blitz-January-23-2024"]
[Site "Chess.com"]
[Date "2024.01.23"]
[Round "2"]
[White "NowInChess"]
[Black "tandaleo"]
[Result "0-1"]
[WhiteElo "2285"]
[BlackElo "2520"]
[TimeControl "180+1"]
[EndTime "8:17:40 PST"]
[Termination "tandaleo won on time"]

1. e4 e5 2. Nf3 Nc6 3. d4 exd4 4. Bc4 Bc5 5. c3 Nf6 6. e5 d5 7. Bb5 Ne4 8. cxd4 Bb6 9. Nc3 O-O 10. h3 f5 11.
exf6 Nxf6 12. Be3 Qd6 13. Qb3 Ne7 14. Bd3 Bf5 15. Qc2 Bxd3 16. Qxd3 Ng6 17. O-O-O Rae8 18. Ng5 Ba5 19. Kb1 Bxc3 20. Qxc3 h6 21. Qc2 Nh4 22.
g3 Ng2 23. Nf3 Nxe3 24. fxe3 Rxe3 25. Ne5 c5 26. Ng4 Nxg4 27. dxc5 Qe6 28. hxg4 Rxg3 29. Qd2 Rxg4 30. Qxd5 Qxd5 31. Rxd5 Rf7 32. Re1 Kh7 33. Re8 h5 34. Red8 g6 0-1

[Event "Early-Titled-Tuesday-Blitz-January-23-2024"]
[Site "Chess.com"]
[Date "2024.01.23"]
[Round "2"]
[White "dosto07"]
[Black "artin10862"]
[Result "0-1"]
[WhiteElo "2553"]
[BlackElo "2825"]
[TimeControl "180+1"]
[EndTime "8:17:41 PST"]
[Termination "artin10862 won on time"]

1. e4 c5 2. Nf3 Nc6 3. Bb5 g6 4. Bxc6 bxc6 5. O-O Bg7 6. c3 d6 7. d4 cxd4 8. cxd4 Nf6 9. Nc3 O-O 10. h3 Qb6 11. Re1 c5 12. d5 Nd7 13. Qc2 Rb8 14.
b3 Ba6 15. Bb2 c4 16. Na4 cxb3 17. Nxb6 bxc2 18. Bxg7 Rxb6 19. Bxf8 Kxf8 20. Nd4 Bd3 21. Nb3 a5 22. Re3 Ne5 23. f4 a4 24. fxe5 axb3 25.
axb3 Rxb3 26. Rc1 Rb1 27. Ree1 dxe5 28. Kf2 Bxe4 29. Ke3 Bxd5 30. Rxb1 cxb1=Q 31. Rxb1 Bxg2 32. h4 f6 33. Kf2 Bd5 34. Rd1 Be6 35. Kg3 h6 36. Rd8+ Kf7 37. Rh8 Bf5 38. h5 g5 39.
Rb8 Bh7 0-1

[Event "Early-Titled-Tuesday-Blitz-January-23-2024"]
[Site "Chess.com"]
[Date "2024.01.23"]
[Round "2"]
[White "azikom"]
[Black "TioCridineno"]
[Result "0-1"]
[WhiteElo "2698"]
[BlackElo "2414"]
[TimeControl "180+1"]
[EndTime "8:17:41 PST"]
[Termination "TioCridineno won on time"]

1. c4 c5 2. Nc3 Nc6 3. g3 g6 4.
Bg2 Bg7 5. h4 h6 6. Nh3 d6 7. d3 e5 8. a3 a5 9. Bd2 Nge7 10. Rb1 O-O 11. f4 Be6 12. Nf2 d5 13. cxd5 Nxd5 14. h5 exf4 15. gxf4 Kh7 16. e4 Nxc3 17.
bxc3 Qd7 18. Qf3 Rae8 19. Kf1 a4 20. Kg1 Rd8 21. Qg3 Rg8 22. hxg6+ fxg6 23. Qh4 Qf7 24.
Be3 Rd7 25. Bxc5 Bb3 26. Be3 Bc2 27. Rb5 Bxd3 28. Rd5 Rxd5 29. exd5 Qe8 30. Bd2 Bf5 31.
dxc6 Qe2 32. cxb7 Qxd2 0-1

[Event "Early-Titled-Tuesday-Blitz-January-23-2024"]
[Site "Chess.com"]
[Date "2024.01.23"]
[Round "2"]
[White "Chessbard1972"]
[Black "ElCoachRene"]
[Result "1-0"]
[WhiteElo "2436"]
[BlackElo "1911"]
[TimeControl "180+1"]
[EndTime "8:17:41 PST"]
[Termination "Chessbard1972 won by resignation"]

1. d4 Nc6 2. c4 e5 3. d5 Bb4+ 4. Nd2 Bxd2+ 5. Bxd2 Nce7 6. d6 Ng6 7. c5 cxd6 8. cxd6 Qb6 9. Bc3 Nf6 10. f3 O-O 11.
e4 Ne8 12. h4 Qxd6 13. Qxd6 Nxd6 14. h5 Ne7 15. Bxe5 Ne8 16. Bc4 d6 17. Bf4 Be6 18.
Bxe6 fxe6 19. Ne2 Rc8 20. Rd1 e5 21. Bg5 Nc6 22. Nc3 h6 23. Be3 Nb4 24. Rd2 a6 25. a3 Nc6 26. Bb6 Ne7 27. Ke2 Rc6 28. Bd8 Nc8 29. Nd5 Nf6 30. Bxf6 gxf6 31. g4 Kf7 32. Rhd1 Ke6 33. Nb4 Rb6 34. Rc2 a5 35. Nd5 Rc6 36.
Rdc1 Ne7 37. Nxe7 Rxc2+ 38. Rxc2 Kxe7 39. Rc7+ Ke6 40. Rxb7 Rc8 41. Kd2 Rc4 42. Rb5 a4 43. Rb4 Rxb4 44. axb4 Kd7 45. b5 Kc7 46. Kc3 Kb6 47.
Kb4 1-0

[Event "Early-Titled-Tuesday-Blitz-January-23-2024"]
[Site "Chess.com"]
[Date "2024.01.23"]
[Round "2"]
[White "DeArron_Fox"]
[Black "enriquetejedor"]
[Result "0-1"]
[WhiteElo "2466"]
[BlackElo "2743"]
[TimeControl "180+1"]
[EndTime "8:17:42 PST"]
[Termination "enriquetejedor won on time"]

1. d4 f5 2. g3 Nf6 3. Bg2 d6 4. Nf3 c6 5. O-O g6 6. c4 Bg7 7. Nc3 O-O 8. Qc2 Kh8 9. Re1 Na6 10.
a3 Nc7 11. Bg5 Be6 12. Qd3 Qd7 13. Bxf6 Bxf6 14. e4 fxe4 15. Nxe4 Bf5 16. Qe3 Bg7 17. Qg5 Ne6 18. Qh4 Rae8 19. Neg5 Nxg5 20. Nxg5 h6 21. Bh3 Kg8 22. Bxf5 Qxf5 23. Nh3 g5 24. Qh5 Bxd4 25.
Re2 Bg7 26. Rae1 e5 27. Kg2 Qf7 28. Qxf7+ Rxf7 29. f3 Ref8 30. Nf2 Rxf3 31. Rd2 d5 32.
cxd5 cxd5 33. Ng4 e4 34. Rxd5 h5 35. Ne5 Rf2+ 36. Kg1 Rxb2 37. Rxe4 Rc8 38. Nd3 Rb1+ 39. Kg2 Rc2+ 40. Nf2 Rbb2 41. Rf5 Re2 42. Rxe2 Rxe2 43. Rxg5 h4 44. Kf3 Ra2 45. Ra5 hxg3 46. hxg3 a6 47. a4 Bc3 48. Rc5 Ra3 49. Rc8+ Kf7 50.
Kg4 Be5 51. Kf5 Bxg3 52. Ne4 Bh2 53. Nc5 b6 54. Nxa6 Rxa4 55. Nb8 Ra8 0-1

[Event "Early-Titled-Tuesday-Blitz-January-23-2024"]
[Site "Chess.com"]
[Date "2024.01.23"]
[Round "2"]
[White "nihalsarin"]
[Black "TheNextLevelFan"]
[Result "1-0"]
[WhiteElo "3184"]
[BlackElo "2552"]
[TimeControl "180+1"]
[EndTime "8:17:42 PST"]
[Termination "nihalsarin won by resignation"]

1. h3 e5 2. c3 Nf6 3. d4 e4 4.
Bf4 d5 5. e3 Bd6 6. Bxd6 Qxd6 7. c4 dxc4 8. Nc3 O-O 9. Bxc4 c6 10. Nge2 Bf5 11. Ng3 Bg6 12. h4 h6 13. h5 Bh7 14.
Qb3 Qc7 15. Rh4 b5 16. Be2 Re8 17. Rc1 Qd6 18. Rf4 Nbd7 19. Nf5 Bxf5 20. Rxf5 a6 21. g3 Rac8 22. a4 c5 23. axb5 cxd4 24. exd4 e3 25. f4 axb5 26. Rd1 b4 27. Nb5 Qb6 28. Kf1 Nb8 29.
Re5 Nc6 30. Nd6 Nxe5 31. dxe5 Qc6 32. Kg1 Rf8 33. exf6 Rcd8 34. Qxb4 gxf6 35. Qd4 Rd7 36. Bb5 Rfd8 37. Bxc6 1-0

[Event "Early-Titled-Tuesday-Blitz-January-23-2024"]
[Site "Chess.com"]
[Date "2024.01.23"]
[Round "2"]
[White "mary-sanna"]
[Black "ErikRonka"]
[Result "0-1"]
[WhiteElo "2199"]
[BlackElo "2489"]
[TimeControl "180+1"]
[EndTime "8:17:43 PST"]
[Termination "ErikRonka won on time"]

1. d4 d5 2. c4 c6 3. Nf3 Nf6 4. g3 Bg4 5. Ne5 Bh5 6. Nc3 Nbd7 7.
cxd5 cxd5 8. Qb3 Qb6 9. Nxd7 Kxd7 10. Nxd5 Qxb3 11. Nxf6+ gxf6 12. axb3 e5 13. Bh3+ Kc7 14. Be3 Bb4+ 15. Kf1 Rhd8 16. dxe5 fxe5 17. g4 Bg6 18. Kg2 Be4+ 19. f3 Bc6 20. Rxa7 Rxa7 21. Bxa7 Rd2 22. Bf2 Rxe2 23. Rc1 Rxb2 24. g5 Rxb3 25. Bg4 Kd8 26. Bb6+ Ke7 27. Rc4 Kd6 28. h4 Rb2+ 29. Kg3 Rb3 30. Ba7 Be1+ 31. Kg2 Bd5 32.
Bb8+ Ke7 33. Rc7+ Kd8 34. Rc8+ Ke7 0-1

[Event "Early-Titled-Tuesday-Blitz-January-23-2024"]
[Site "Chess.com"]
[Date "2024.01.23"]
[Round "2"]
[White "CaspiIsrael"]
[Black "DarZay"]
[Result "1-0"]
[WhiteElo "2685"]
[BlackElo "2271"]
[TimeControl "180+1"]
[EndTime "8:17:44 PST"]
[Termination "CaspiIsrael won on time"]

1. e4 c5 2. Nf3 Nc6 3. Bb5 g6 4. Bxc6 dxc6 5. d3 Bg7 6. O-O Nf6 7. a4 O-O 8. h3 Nd7 9. a5 e5 10. Na3 Re8 11. Nc4 Nf8 12. b3 Rb8 13. Bb2 Qc7 14. Ra2 b5 15. axb6 axb6 16. Qa1 f6 17. Nfd2 b5 18. Ne3 Ne6 19. Ra7 Bb7 20. Bc3 Ra8 21. Rxa8 Rxa8 22. Qb1 Nd4 23. Re1 Rf8 24. Qd1 Bc8 25.
Bb2 Qf7 26. Ng4 h5 27. Ne3 f5 28. exf5 gxf5 29. c3 f4 30. Nef1 f3 31. gxf3 Qg6+ 32.
Ng3 h4 33. cxd4 hxg3 34. dxe5 Bxh3 35. Re4 gxf2+ 36. Kxf2 Qg2+ 37. Ke1 Bh6 38. Qe2 Qg1+ 39. Nf1 Bf4 40. Qf2 Bg3 41. Qxg3+ Qxg3+ 42. Nxg3 Rxf3 43. Ne2 Rxd3 44. e6 Bxe6 45. Rxe6 Rxb3 46. Be5 Re3 47. Kd2 1-0

[Event "Early-Titled-Tuesday-Blitz-January-23-2024"]
[Site "Chess.com"]
[Date "2024.01.23"]
[Round "2"]
[White "Keures"]
[Black "Makswolf200817"]
[Result "0-1"]
[WhiteElo "2399"]
[BlackElo "2732"]
[TimeControl "180+1"]
[EndTime "8:17:44 PST"]
[Termination "Makswolf200817 won by checkmate"]

1. d4 Nf6 2. c4 e6 3. Nc3 Bb4 4. e3 O-O 5. Bd3 c5 6. Ne2 cxd4 7. exd4 d5 8. a3 Be7 9. c5 a5 10. Bf4 b6 11. b4 bxc5 12. bxc5 Ba6 13. O-O Nc6 14.
Bxa6 Rxa6 15. Qd3 Ra7 16. Rfb1 Nd7 17. Nb5 Ra8 18. Bc7 Qc8 19. f4 Nf6 20. Nec3 Re8 21.
Na4 Qa6 22. Nb6 Ra7 23. Rb3 Rb7 24. Rab1 a4 25. Rc3 Ne4 26. Nd6 Qxd3 27. Rxd3 Rxc7 28. Nxe8 Rb7 29. Rc1 Kf8 30. Nxa4 Kxe8 31. Nb6 Bf6 32.
Rcd1 Ra7 33. g3 Kd8 34. Kg2 Kc7 35. Kf3 Ra5 36. g4 h6 37. f5 Rb5 38. fxe6 fxe6 39. a4 Rb2 40. Ra3 Bg5 41. Rf1 Nxd4# 0-1

[Event "Early-Titled-Tuesday-Blitz-January-23-2024"]
[Site "Chess.com"]
[Date "2024.01.23"]
[Round "2"]
[White "Grischuk"]
[Black "aghasiyevkamal"]
[Result "1-0"]
[WhiteElo "3082"]
[BlackElo "2640"]
[TimeControl "180+1"]
[EndTime "8:17:45 PST"]
[Termination "Grischuk won on time"]

1. d4 d5 2. Nf3 Nf6 3. Bg5 e6 4. Nbd2 Be7 5. e3 O-O 6. Bd3 c5 7. c3 Nc6 8. Qe2 b6 9. O-O Bb7 10.
Rad1 Rc8 11. a3 Nh5 12. Bxe7 Qxe7 13. Ne5 Nf6 14. f4 g6 15. Qf3 Ne8 16. g4 f6 17.
Nxc6 Bxc6 18. Qg3 Nd6 19. Rf2 e5 20. dxe5 fxe5 21. fxe5 Nf7 22. Nf3 Rce8 23. Rdf1 Nxe5 24. Nxe5 Rxf2 25. Qxf2 Qxe5 26. Qf7+ Kh8 27. Rf3 d4 28.
Rh3 Qg7 29. Qxg6 Qxg6 30. Bxg6 Rxe3 31. Rxh7+ Kg8 32. cxd4 cxd4 33. Rc7 Bd5 34. Rd7 Re6 35. Rxd5 Rxg6 36. Rxd4 1-0

[Event "Early-Titled-Tuesday-Blitz-January-23-2024"]
[Site "Chess.com"]
[Date "2024.01.23"]
[Round "2"]
[White "DDTerziev04"]
[Black "BashiqChess"]
[Result "1-0"]
[WhiteElo "2204"]
[BlackElo "2462"]
[TimeControl "180+1"]
[EndTime "8:17:45 PST"]
[Termination "DDTerziev04 won by resignation"]

1. e4 c5 2. Nf3 g6 3. d4 cxd4 4. Qxd4 Nf6 5. c4 Nc6 6. Qe3 d6 7. Nc3 Bg7 8. Be2 O-O 9. O-O Be6 10. Rb1 Rc8 11. h3 Nd7 12. b3 a6 13. Bb2 Qa5 14.
Rfd1 Nde5 15. Nd5 Bxd5 16. exd5 Nxf3+ 17. Bxf3 Ne5 18. Be2 b5 19. f4 bxc4 20. bxc4 Nxc4 21. Bxc4 Rxc4 22. Bxg7 Kxg7 23. Qxe7 Qc5+ 24. Kh1 Rxf4 25. Rbc1 Qa3 26. Rc6 Qxa2 27. Qxd6 Rf5 28. Rxa6 Qe2 29.
Raa1 Rc8 30. Qg3 Rc2 31. d6 Rf2 32. Rg1 Qd2 33. Rad1 Qa5 34. d7 Rcd2 35. Qxf2 Rxf2 36. d8=Q h5 37. Qxa5 1-0

[Event "Early-Titled-Tuesday-Blitz-January-23-2024"]
[Site "Chess.com"]
[Date "2024.01.23"]
[Round "2"]
[White "Alenzer"]
[Black "Savagelittlemole"]
[Result "0-1"]
[WhiteElo "2154"]
[BlackElo "2456"]
[TimeControl "180+1"]
[EndTime "8:17:45 PST"]
[Termination "Savagelittlemole won by resignation"]

1. e4 c5 2. Nf3 d6 3. c3 g6 4. d4 cxd4 5. cxd4 Bg7 6. Nc3 Nc6 7. Be3 Bg4 8. Be2 Nf6 9. h3 Bxf3 10. Bxf3 O-O 11. O-O Rc8 12. Rc1 a6 13. a3 b5 14. Be2 Na5 15. f4 Nc4 16. Bxc4 Rxc4 17. e5 Nd7 18. b3 Rc8 19. Ne4 Rxc1 20. Qxc1 dxe5 21. dxe5 Nb6 22. Rd1 Qa8 23. Qb1 Rd8 24. Bxb6 Rxd1+ 25. Qxd1 Qxe4 26. Qd8+ Bf8 27. Qd2 e6 28. b4 h5 29. Qd8 Qd5 30. Qxd5 exd5 31. Kf2 Bh6 32. Kf3 Kf8 33. g4 hxg4+ 34. hxg4 Ke7 35.
Bc5+ Ke6 36. Ke3 g5 37. f5+ Kxe5 38. Bd4+ Kd6 39. Bc5+ Kc6 40. Kd4 Bg7+ 41. Ke3 Be5 42. Be7 f6 43. Kd3 Bb2 44. Kc2 Be5 45. Kd3 Kd7 46. Bc5 Bb2 47. Bd4 Bxd4 48. Kxd4 Kd6 49.
Kd3 Ke5 50. Ke3 d4+ 51. Kd3 Kd5 52. Kd2 Ke4 53. Ke2 d3+ 54. Kd2 Kd4 55. Kd1 Ke3 56.
Ke1 d2+ 57. Kd1 Kd3 58. a4 bxa4 0-1

[Event "Early-Titled-Tuesday-Blitz-January-23-2024"]
[Site "Chess.com"]
[Date "2024.01.23"]
[Round "2"]
[White "artooon"]
[Black "Boundless_Strike"]
[Result "1-0"]
[WhiteElo "2969"]
[BlackElo "2613"]
[TimeControl "180+1"]
[EndTime "8:17:46 PST"]
[Termination "artooon won by checkmate"]

1. e4 d6 2. d4 e5 3. Nf3 Bg4 4. dxe5 Nc6 5. Bb5 Qd7 6. h3 Bh5 7. Nc3 O-O-O 8. g4 Bg6 9. Bf4 a6 10. Ba4 Qe8 11. Qe2 dxe5 12. Nxe5 Nge7 13. Nd5 Nxd5 14.
exd5 Nd4 15. Qc4 Nf3+ 16. Kf1 Nxe5 17. Qd4 Nd7 18. Re1 Bc5 19. Bxd7+ Qxd7 20. Qxc5 Rhe8 21. d6 Rxe1+ 22. Kxe1 Re8+ 23. Kd2 Re4 24. Bg3 f6 25. Qxc7+ Qxc7 26. dxc7 Rd4+ 27. Kc3 Re4 28. Rd1 Re8 29. a4 b6 30. b3 Re7 31. Rd8+ Kb7 32. c8=Q+ Ka7 33. Qa8# 1-0

[Event "Early-Titled-Tuesday-Blitz-January-23-2024"]
[Site "Chess.com"]
[Date "2024.01.23"]
[Round "2"]
[White "frederiksvane"]
[Black "Sadykov_Ramil"]
[Result "1-0"]
[WhiteElo "2930"]
[BlackElo "2603"]
[TimeControl "180+1"]
[EndTime "8:17:46 PST"]
[Termination "frederiksvane won on time"]

1. e4 e5 2. Bc4 Nf6 3. d3 Bc5 4. Nf3 d6 5. O-O O-O 6. c3 Bb6 7. Bb3 Be6 8. Bc2 h6 9. h3 c6 10.
d4 Bc7 11. Be3 Re8 12. Nbd2 Nbd7 13. Re1 Nf8 14. Nf1 Ng6 15. Ng3 a5 16. a4 Qd7 17.
Qe2 Rad8 18. Rad1 Qc8 19. Qf1 Qb8 20. c4 d5 21. exd5 cxd5 22. Bxg6 fxg6 23. dxe5 Ne4 24.
cxd5 Nxg3 25. Qc4 Rxd5 26. Rxd5 Nf5 27. Qe4 Bxd5 28. Qxd5+ Kh7 29. Bd2 Bb6 30. Bxa5 Rd8 31. Qb5 Bxa5 32. Qxa5 b6 33. Qc3 Rc8 34. Qb3 Qc7 35.
e6 Re8 36. Qb5 Re7 37. Qe5 Qc2 38. g4 Qb3 39. Kg2 1-0

[Event "Early-Titled-Tuesday-Blitz-January-23-2024"]
[Site "Chess.com"]
[Date "2024.01.23"]
[Round "2"]
[White "RandomNoob04"]
[Black "Kotofeyca"]
[Result "0-1"]
[WhiteElo "2570"]
[BlackElo "2355"]
[TimeControl "180+1"]
[EndTime "8:17:46 PST"]
[Termination "Kotofeyca won on time"]

1. e4 c5 2. d4 cxd4 3. c3 Nf6 4. e5 Nd5 5. Nf3 Nc6 6. Bc4 Nb6 7. Bb3 d5 8. exd6 e6 9. O-O Bxd6 10. cxd4 Nb4 11.
Nc3 O-O 12. a3 N4d5 13. Bc2 Bf4 14. Qd3 g6 15. Re1 Bd7 16. Ne5 Rc8 17. Qf3 Bxc1 18.
Raxc1 Nxc3 19. bxc3 Bc6 20. Qh3 Qg5 21. Rcd1 Nd5 22.
Nf3 Qf6 23. Ne5 Nf4 24. Qg3 Nxg2 25. Re4 Bxe4 26. Bxe4 Nf4 27. Kf1 Rc7 28. Ng4 Qg5 29. h4 Qb5+ 30. Bd3 Nxd3 31. Kg1 Rxc3 32. Qf3 f5 33. Ne5 Nxe5 34. Qxc3 Nc6 35. d5 exd5 36. Re1 d4 37. Qd3 Qd5 38. Qg3 Rd8 39. h5 Qd6 40. Qg5 d3 0-1

[Event "Early-Titled-Tuesday-Blitz-January-23-2024"]
[Site "Chess.com"]
[Date "2024.01.23"]
[Round "2"]
[White "Glidzhian_Gor"]
[Black "WhiteKnight2612"]
[Result "1-0"]
[WhiteElo "2594"]
[BlackElo "2859"]
[TimeControl "180+1"]
[EndTime "8:17:47 PST"]
[Termination "Glidzhian_Gor won by checkmate"]

1. e4 e6 2. d4 c5 3. c3 d5 4.
e5 Nc6 5. Nf3 Bd7 6. Bd3 Qb6 7.
O-O cxd4 8. cxd4 Nxd4 9. Nbd2 Bc5 10. b4 Qxb4 11. Nxd4 Bxd4 12. Rb1 Qc3 13. Nf3 Bb6 14. Rb3 Qc8 15. Ba3 Ne7 16. Ng5 h6 17. Qh5 g6 18.
Qh4 Bd8 19. Rc1 Nc6 20. f4 Qc7 21. Bd6 Qa5 22. Qh3 Qd2 23. Rf1 Nd4 24. Rxb7 Rc8 25.
Nxf7 Rc3 26. Bxg6 Ne2+ 27. Kh1 Rg8 28. Qh5 Ng3+ 29. hxg3 Qd3 30. Bxd3 Rg4 31. Ng5# 1-0

[Event "Early-Titled-Tuesday-Blitz-January-23-2024"]
[Site "Chess.com"]
[Date "2024.01.23"]
[Round "2"]
[White "shimastream"]
[Black "Freeeeeeeeeeeeeeeeee"]
[Result "1-0"]
[WhiteElo "3016"]
[BlackElo "2108"]
[TimeControl "180+1"]
[EndTime "8:17:47 PST"]
[Termination "shimastream won on time"]

1. g4 g6 2. h4 d5 3. g5 Bg4 4. Bg2 c6 5. d4 Bg7 6. Bf4 Nd7 7. c3 e5 8. dxe5 Nxe5 9. Qb3 Qb6 10. Nd2 Ne7 11.
Ngf3 Nxf3+ 12. Nxf3 h5 13. Ne5 Be6 14. Nd3 O-O 15. Bd6 Rfe8 16. Bxe7 Rxe7 17. e3 Bf5 18. O-O-O Qc7 19. Nf4 a5 20. a4 Rd7 21. Ne2 Rdd8 22.
Nd4 Bd7 23. Rd2 Rab8 24. Rhd1 Bg4 25. Re1 b6 26. Kb1 c5 27. Nb5 Qe5 28. Bxd5 Bf5+ 29.
Ka1 Rd7 30. f4 Qe7 31. e4 Be6 32. Red1 Bxd5 33. Rxd5 Rbd8 34. e5 Bf8 35. Nd6 Qe6 36. Qxb6 Bxd6 37. Rxd6 Rxd6 38. exd6 Qe2 39. Qxd8+ Kh7 40.
Rc1 Qc4 41. Qd7 1-0